Map: Interloper LE

Players

BackupC (Dolan) - Winner!

  • Race: Terran Terran
  • Spawn Location: 5:00

Mackintac

  • Race: Zerg Zerg
  • Spawn Location: 11:00

Event: WCS Montreal 2017

VOD

Have the link to the VOD?

Description

Time

  • Played on: Sept. 8, 2017, 1:25 p.m.
  • Length: 16:30

All games in this series

Show
View Real Time Build Order
Export as new Build Order

BackupC Terran - Winner!

Build Orders: Gas First Reaper Expand, Hellion Opening, Reaper Expand, Mech 

Get SALT Encoding   

  12  0:00  SCV  
  13  0:13  SCV  
  14  0:17  Supply Depot  
  14  0:25  SCV  
  14  0:28  Refinery  
  15  0:38  SCV  
  16  0:44  Barracks  
  16  0:50  SCV  
  17  1:02  SCV  
  18  1:15  SCV  
  19  1:31  Orbital Command, Reaper  
  20  1:46  Command Center  
  20  1:56  SCV  
  20  2:00  Factory  
  21  2:05  Barracks Reactor  
  21  2:08  SCV  
  21  2:14  Supply Depot  
  22  2:20  Refinery  
  22  2:21  SCV  
  23  2:35  SCV  
  24  2:46  Armory  
  24  2:48  SCV  
  24  2:49  Hellion  
  24  2:50  Hellion  
  29  2:55  Marine  
  30  2:59  Orbital Command  
  30  3:02  SCV  
  31  3:14  Hellion  
  31  3:15  Hellion  
  35  3:26  Factory, Barracks Reactor  
  35  3:31  SCV x2  
  37  3:42  Terran Vehicle Weapons Level 1  
  37  3:46  Supply Depot  
  37  3:50  Hellion x2  
  37  3:52  SCV x2  
  43  4:04  SCV x2  
  43  4:09  Supply Depot  
  45  4:12  Cyclone x2  
  51  4:18  SCV x2  
  53  4:30  SCV x2  
  55  4:32  Supply Depot  
  55  4:34  Hellion x2  
  59  4:42  SCV  
  59  4:43  SCV  
  61  4:51  Command Center  
  61  4:59  Cyclone x2  
  67  5:02  SCV x2  
  69  5:07  Refinery  
  69  5:08  Refinery  
  73  5:14  Hellion x2  
  73  5:19  Engineering Bay  
  73  5:22  SCV x2  
  75  5:33  Cyclone  
  78  5:44  Terran Vehicle Weapons Level 2  
  78  5:53  Hellion  
  78  5:54  Hellion  
  78  5:57  Cyclone  
  78  6:03  SCV x2  
  69  6:13  Hellion  
  69  6:14  Orbital Command  
  69  6:16  Factory  
  69  6:17  Factory, SCV x2  
  73  6:19  Factory  
  73  6:21  Supply Depot  
  73  6:24  Hellion  
  73  6:25  Hellion  
  77  6:34  Cyclone  
  77  6:35  Hellion  
  82  6:43  SCV x2  
  78  6:47  SCV  
  78  6:53  Orbital Command  
  68  6:55  SCV x2  
  68  6:56  Cyclone x2  
  76  7:03  Factory Tech Lab x3  
  76  7:05  Supply Depot  
  76  7:07  SCV x2  
  78  7:21  Hellion x2  
  78  7:22  Siege Tank x3  
  91  7:23  SCV x3  
  94  7:38  Refinery  
  94  7:41  Hellion x2, Refinery  
  94  7:43  Infernal Pre-Igniter  
  98  7:44  SCV x3  
  98  7:50  Hellion x2  
  105  8:02  Hellion x2  
  109  8:12  Supply Depot  
  109  8:13  Supply Depot x2  
  109  8:17  SCV x3  
  108  8:22  Siege Tank x3  
  117  8:34  SCV x3, Hellion x2  
  124  8:36  Hellion x2  
  124  8:39  Terran Vehicle And Ship Armor Level 1  
  128  8:46  SCV x2  
  128  8:48  Barracks Reactor  
  130  8:49  Starport  
  130  8:52  Command Center  
  130  8:55  Hellion  
  134  8:57  Siege Tank  
  134  8:58  Siege Tank x2  
  141  9:08  Sensor Tower  
  141  9:20  Supply Depot  
  141  9:24  Hellion x3  
  147  9:28  Hellion  
  149  9:42  Siege Tank x2  
  150  9:45  Siege Tank  
  150  9:46  Hellion x3  
  150  9:50  Liberator x2  
  155  9:53  Factory  
  155  9:54  Factory  
  146  10:17  Hellion x4  
  146  10:18  Siege Tank x3  
  151  10:50  Thor x2  
  136  10:59  Viking x2, Thor  
  136  11:00  Hellion  
  136  11:01  Factory Tech Lab, Hellion x3  
  151  11:11  Planetary Fortress  
  143  11:22  Hellion x2  
  147  11:26  Hellion  
  147  11:27  Refinery  
  147  11:28  Hellion x2  
  147  11:29  Factory Reactor, Refinery  
  141  11:32  Thor  
  141  11:33  Hellion  
  140  11:43  Hellion  
  142  11:48  Hellion x2  
  142  11:49  Viking, Hellion  
  142  11:50  Viking, Thor  
  158  12:14  Sensor Tower  
  158  12:16  Thor  
  158  12:20  Command Center, Thor  
  158  12:21  Sensor Tower  
  170  12:23  Liberator x2  
  170  12:26  Supply Depot  
  170  12:27  Supply Depot  
  170  12:28  Terran Vehicle Weapons Level 3  
  170  12:42  Hellion x2  
  180  12:52  SCV x4  
  184  12:58  Refinery  
  184  13:03  Refinery  
  184  13:07  Thor x2  
  184  13:11  Supply Depot  
  167  13:23  Hellion x4  
  167  13:24  Hellion  
  155  13:29  Siege Tank  
  155  13:31  Hellion  
  160  13:41  Liberator  
  158  13:52  Siege Tank x3  
  158  13:53  Hellion x3  
  158  13:54  Hellion  
  168  13:58  Liberator  
  171  14:16  Hellion x2  
  171  14:17  Hellion x4  
  186  14:26  Planetary Fortress  
  186  15:05  Siege Tank x3  
  186  15:06  Hellion x4  
  187  15:10  Thor  
  187  15:11  Viking x2, Hellion  
  191  15:26  Command Center  
  191  15:35  Hellion x3  
  193  15:37  Thor  
  163  15:57  Siege Tank  
  163  15:58  Siege Tank  
  163  15:59  Hellion x3  
  177  16:05  Hellion x2  
Show
View Real Time Build Order
Export as new Build Order

Mackintac Zerg 

Build Orders: 3 Hatch before Pool 

Get SALT Encoding   

  12  0:01  Drone  
  13  0:12  Overlord  
  13  0:17  Drone  
  14  0:31  Drone x2  
  16  0:36  Drone  
  17  0:53  Hatchery  
  17  0:56  Drone  
  17  0:59  Extractor  
  17  1:01  Drone  
  18  1:06  Hatchery  
  17  1:20  Spawning Pool  
  16  1:25  Drone  
  16  1:26  Drone  
  16  1:30  Drone  
  19  1:39  Overlord  
  19  2:03  Drone  
  19  2:06  Queen  
  19  2:08  Metabolic Boost  
  22  2:09  Zergling x2  
  23  2:17  Queen, Zergling x2  
  23  2:20  Drone  
  27  2:24  Drone  
  28  2:30  Drone  
  29  2:39  Drone  
  29  2:40  Drone  
  29  2:43  Queen  
  33  2:45  Drone  
  34  2:55  Overlord, Drone  
  35  3:13  Queen  
  35  3:16  Drone x3  
  35  3:17  Drone  
  40  3:27  Queen  
  40  3:30  Hatchery  
  41  3:37  Overlord  
  41  3:39  Drone x2  
  43  3:45  Overlord  
  43  3:47  Overlord  
  43  3:55  Queen  
  45  4:08  Queen  
  47  4:13  Drone x3  
  47  4:14  Drone x2  
  47  4:16  Extractor  
  51  4:18  Baneling Nest  
  50  4:26  Evolution Chamber  
  50  4:28  Drone x2, Evolution Chamber  
  50  4:29  Drone  
  50  4:30  Drone x2  
  53  4:31  Drone x2  
  53  4:32  Drone  
  56  4:47  Queen  
  56  4:48  Queen  
  62  4:55  Zerg Melee Weapons Level 1  
  62  4:56  Zerg Ground Armor Level 1  
  62  5:03  Overlord  
  62  5:05  Lair  
  60  5:10  Spore Crawler  
  60  5:12  Spore Crawler  
  60  5:13  Spore Crawler, Drone x2  
  60  5:14  Drone x3  
  62  5:20  Zergling x8  
  66  5:22  Baneling x2  
  66  5:29  Zergling x4  
  66  5:30  Zergling x6  
  71  5:36  Zergling x2  
  71  5:40  Baneling x4  
  71  5:41  Baneling x5  
  71  5:42  Zergling x4  
  64  6:03  Zergling x12  
  65  6:06  Drone  
  65  6:10  Zergling x6  
  65  6:11  Zergling x18  
  70  6:16  Hydralisk Den  
  70  6:17  Baneling x2  
  76  6:32  Baneling  
  76  6:33  Baneling x6  
  66  6:44  Zergling x4  
  66  6:45  Zergling x20  
  69  7:02  Muscular Augments  
  69  7:04  Drone x3  
  69  7:05  Extractor  
  69  7:06  Hatchery  
  70  7:11  Hatchery  
  70  7:12  Hydralisk  
  70  7:14  Hydralisk  
  73  7:21  Overlord  
  73  7:23  Extractor, Drone x3  
  75  7:33  Drone  
  75  7:34  Overlord  
  76  7:43  Drone  
  76  7:44  Drone x2  
  79  7:46  Drone  
  79  7:48  Overlord  
  80  8:04  Overseer  
  80  8:10  Zerg Ground Armor Level 2  
  80  8:11  Zerg Missile Weapons Level 1  
  80  8:12  Infestation Pit, Drone  
  79  8:30  Queen  
  81  8:38  Drone x4  
  81  8:39  Drone x2  
  87  8:42  Drone x2  
  87  8:43  Drone  
  87  8:44  Extractor  
  89  8:49  Drone x6  
  89  8:50  Drone  
  89  8:51  Extractor  
  95  8:58  Hive, Overlord  
  95  9:00  Queen  
  97  9:05  Queen  
  97  9:09  Hydralisk x2  
  99  9:12  Overlord  
  103  9:21  Hydralisk  
  103  9:22  Overlord x2  
  103  9:23  Hydralisk x2  
  111  9:35  Centrifical Hooks  
  111  9:38  Hydralisk  
  92  10:02  Hydralisk x3  
  92  10:05  Hydralisk x3  
  104  10:15  Viper x3  
  104  10:16  Viper  
  104  10:18  Overlord  
  104  10:20  Hatchery  
  115  10:22  Hydralisk x2  
  115  10:26  Baneling x3  
  119  10:29  Zergling x2  
  119  10:30  Zergling x12  
  119  10:31  Baneling x3  
  119  10:32  Baneling  
  119  10:33  Zergling x6  
  129  10:37  Overlord x2  
  106  10:57  Zergling x4, Hydralisk x3  
  106  10:58  Zergling x6, Hydralisk  
  117  11:04  Hydralisk x4  
  117  11:05  Hydralisk x2  
  113  11:21  Zergling x2, Hydralisk x3  
  97  11:44  Drone x3  
  97  11:45  Drone x7  
  107  11:52  Extractor  
  107  11:53  Overlord, Hydralisk x6  
  118  11:57  Queen  
  118  11:59  Extractor  
  118  12:00  Hydralisk x2  
  123  12:02  Extractor  
  123  12:03  Queen  
  124  12:14  Drone, Hydralisk  
  124  12:15  Hydralisk x6  
  139  12:22  Baneling x2  
  139  12:39  Hydralisk x4  
  139  12:41  Overlord x2  
  147  12:46  Queen  
  147  12:49  Zergling x6  
  152  12:55  Overlord x2  
  152  12:59  Overseer  
  152  13:01  Pneumatized Carapace  
  125  13:21  Hatchery  
  125  13:25  Viper x3  
  129  13:27  Zergling x2  
  129  13:28  Zergling x22  
  112  13:56  Viper x3  
  112  13:58  Hydralisk x7  
  135  14:05  Extractor  
  135  14:07  Extractor  
  133  14:35  Baneling x7  
  133  14:36  Zergling x20, Baneling x7  
  133  14:37  Zergling x2  
  142  14:46  Drone  
  122  15:09  Hydralisk  
  122  15:10  Hydralisk x5  
  124  15:35  Viper x2  
  122  15:38  Zergling x4, Hydralisk x2  
  122  15:39  Zergling x2  
  122  15:40  Zergling x2  
  136  15:46  Spore Crawler  
  84  15:58  Hydralisk x2  
  78  16:09  Drone x2  
Tags
 
Add a new tag
Caveats
  • Supply blocks, unpowered buildings, or Contaminate may cause inaccurate times.
  • Supply counts are checked every 10 seconds.